 Dungeon Crawl Stone Soup version 0.31.0-7-gf635a9b802 (webtiles) character file.

Game seed: 17700555760549132415

1930 Zeia the Protected (level 9, -3/67 HPs)
             Began as a Gnoll Wanderer on Jan 24, 2024.
             Was an Initiate of Okawaru.
             Slain by a yak (13 damage)
             ... on level 7 of the Dungeon.
             The game lasted 00:22:48 (7400 turns).

Zeia the Protected (Gnoll Wanderer)                 Turns: 7400, Time: 00:22:48

Health: -3/67      AC: 13    Str: 20    XL:     9   Next: 17%
Magic:  25/25      EV: 10    Int: 14    God:    Okawaru [......]
Gold:   347        SH:  0    Dex: 16    Spells: 17/18 levels left

rFire   . . .        E - +3 war axe "Hobyhucw" {flame, Str+3 Int+2}
rCold   . . .        (no shield)
rNeg    . . .        C - +1 chain mail
rPois   .            (no helmet)
rElec   .            (no cloak)
rCorr   .            (no gloves)
SInv    .            (no boots)
Will    .....        (no amulet) Stlth
                     y - +6 ring of dexterity
HPRegen 0.31/turn    B - ring of magical power
MPRegen 0.19/turn

%: no passive effects
@: no status effects
A: fangs 1, strong nose, distributed training
a: Renounce Religion


You were on level 7 of the Dungeon.
You worshipped Okawaru.
Okawaru was noncommittal.
You visited 2 branches of the dungeon, and saw 8 of its levels.

You collected 347 gold pieces.

Inventory:

Hand Weapons
 a - a +0 club
 n - a +0 flail
 v - a +0 dagger
 w - a +4 falchion
 D - a +1 executioner's axe
 E - the +3 war axe "Hobyhucw" (weapon) {flame, Str+3 Int+2}
   (You found it on level 5 of the Dungeon)

   Str+3:     It affects your strength (+3).
   Int+2:     It affects your intelligence (+2).
 I - a +3 great sword of freezing
Missiles
 k - 2 javelins
Armour
 d - a +0 chain mail
 q - a +0 ring mail
 C - a +1 chain mail (worn)
Jewellery
 y - a +6 ring of dexterity (left hand)
 B - a ring of magical power (right hand)
Scrolls
 b - 3 scrolls of fog
 i - 2 scrolls of silence
 p - a scroll of immolation
 s - a scroll of noise
 G - a scroll of revelation
Potions
 e - 3 potions of lignification
 j - a potion of mutation {unknown}
 l - a potion of resistance {unknown}
 m - a potion of might {unknown}
 t - a potion of brilliance {unknown}
 x - a potion of degeneration {unknown}
 z - a potion of magic {unknown}


   Skills:
 + Level 4.9 Fighting
 + Level 4.1 Short Blades
 + Level 4.1 Long Blades
 + Level 4.1 Axes
 + Level 4.1 Maces & Flails
 + Level 4.1 Polearms
 + Level 4.1 Staves
 + Level 4.1 Ranged Weapons
 + Level 4.9 Throwing
 + Level 11.2 Armour
 + Level 4.1 Dodging
 + Level 4.8 Stealth
 + Level 4.1 Shields
 + Level 4.1 Unarmed Combat
 + Level 5.1 Spellcasting
 + Level 3.4 Conjurations
 + Level 3.4 Hexes
 + Level 3.4 Summonings
 + Level 3.4 Necromancy
 + Level 3.4 Translocations
 + Level 4.1 Fire Magic
 + Level 3.4 Ice Magic
 + Level 3.4 Air Magic
 + Level 3.4 Earth Magic
 + Level 3.4 Alchemy
 + Level 4.5 Invocations
 + Level 4.1 Evocations
 + Level 3.7 Shapeshifting


You had 17 spell levels left.
You knew the following spells:

 Your Spells              Type           Power      Damage    Failure   Level
a - Foxfire               Conj/Fire      56%        2x1d6     19%         1

Your spell library contained the following spells:

 Spells                   Type           Power      Damage    Failure   Level
 Freeze                   Ice            52%        1d6       22%         1
 Sting                    Conj/Alch      52%        1d6       22%         1
 Scorch                   Fire           30%        2d6       26%         2
 Mercury Vapours          Alch/Air       26%        N/A       32%         2
 Inner Flame              Hex/Fire       14%        N/A       50%         3
 Frozen Ramparts          Ice            26%        1d4       54%         3
 Hailstorm                Conj/Ice       13%        3d6       54%         3
 Flame Wave               Conj/Fire      14%        2d6       88%         4
 Olgreb's Toxic Radiance  Alch           13%        N/A       91%         4
 Summon Cactus Giant      Summ           Unusable   N/A       N/A         6

Dungeon Overview and Level Annotations

Branches:
Dungeon (7/15)             Temple (1/1) D:7

Altars:
Ashenzari
Cheibriados
Dithmenos
Elyvilon
Fedhas
Makhleb
Okawaru
Qazlal
Ru
Sif Muna
Trog
Uskayaw
Wu Jian
Xom
Zin

Annotations:
D:5 2 runed translucent doors, zenocrate's ghost, novice VSEn


Innate Abilities, Weirdness & Mutations

You have very sharp teeth.
Your uncanny sense of smell can sniff out nearby items.
Your experience applies equally to all skills.


Message History

You slash the yak! You burn the yak. You bite the yak, but do no damage.
The yak is heavily wounded.
You hit the yak. You burn the yak. The yak barely misses you.
The yak gores you but does no damage. The yak gores you!
The yak gores you but does no damage.
You hit the yak but do no damage.
The yak is heavily wounded.
You hit the yak but do no damage. The yak gores you!
The yak gores you but does no damage.
You slash the yak! You burn the yak. You punch the yak, but do no damage.
The yak is almost dead.
You hit the yak but do no damage. The yak gores you but does no damage.
The yak gores you!
You hit the yak. You burn the yak.
The yak is almost dead.
You hit the yak. You burn the yak. The yak gores you.
The yak gores you but does no damage. The yak closely misses you.
You barely miss the yak.
The yak is almost dead.
You closely miss the yak. The yak gores you! The yak closely misses you.
The yak gores you!
* * * LOW HITPOINT WARNING * * *
You barely miss the yak.
The yak is almost dead.
You hit the yak but do no damage. The yak gores you but does no damage.
The yak closely misses you.
You barely miss the yak.
The yak is almost dead.
You barely miss the yak.
The yak closely misses you. x2; The yak gores you.
* * * LOW HITPOINT WARNING * * *
You hit the yak. You burn the yak.
You kill the yak!
Okawaru accepts your kill.
You slash the yak! You burn the yak. The yak gores you.
* * * LOW HITPOINT WARNING * * *
The yak gores you but does no damage.
You slash the yak! You burn the yak.
The yak is almost dead.
The yak gores you!
You die...

#....# **..,,,....#.',,#..#
#....###...?......*.#.,#gf.
#.................,.####...
#...............#.......o.)
#..$..............y........
#...÷....~~~...#..##.......
#####...~§§~~..>...........
#..§§Y†~§~<#*,....##...
#..~§§@§§§.#**.##......
###~~§§~§~....,*###....
#.~~§~~...##***#...##
#..§~§......,,*....*
##........#.,,,,#.,*
#........#,,,,,*****
#........#,,,,,,,,,,
#........#,,,,>,,,,,
*,,,,,,,,*,,,****,,,


You could see a yak.

Vanquished Creatures
  2 yaks
  An orc warrior (D:7)
  A black bear (D:6)
  A centaur (D:6)
  2 phantoms
  2 scorpions (D:6)
  5 wights (D:6)
  4 killer bees
  A bombardier beetle (D:4)
  A gnoll bouda (D:3)
  2 orc priests
  3 hounds
  A jelly (D:6)
  3 iguanas
  3 orc wizards
  8 gnolls
  7 adders
  A white imp (D:6)
  3 ufetubi
  2 dart slugs
  4 ribbon worms
  24 orcs
  8 bats
  5 endoplasms
  10 goblins
  6 hobgoblins
  8 kobolds
  8 quokkas
  7 ball pythons
  3 frilled lizards
  3 rats
139 creatures vanquished.

Vanquished Creatures (others)
  13 foxfires
13 creatures vanquished.

Grand Total: 152 creatures vanquished

Notes
Turn   | Place    | Note
-------+----------+-------------------------------------------
     0 | D:1      | Reached skill level 10 in Armour
     0 | D:1      | Zeia the Gnoll Wanderer began the quest for the Orb.
     0 | D:1      | Zeia set off with the following items: a +0 club, a scroll
                  | of fog, a potion of curing, a +0 chain mail; and the
                  | following spell memorised: Foxfire; and the following
                  | spells available to memorise: Inner Flame.
     0 | D:1      | Reached XP level 1. HP: 17/17 MP: 4/4
   131 | D:1      | Found a faded altar of an unknown god.
   153 | D:1      | Reached XP level 2. HP: 20/23 MP: 5/5
   436 | D:1      | Reached XP level 3. HP: 27/28 MP: 7/7
   852 | D:2      | Reached skill level 1 in Invocations
   986 | D:2      | Reached skill level 1 in Short Blades
   986 | D:2      | Reached skill level 1 in Long Blades
   986 | D:2      | Reached skill level 1 in Axes
   986 | D:2      | Reached skill level 1 in Maces & Flails
   986 | D:2      | Reached skill level 1 in Polearms
   986 | D:2      | Reached skill level 1 in Staves
   986 | D:2      | Reached skill level 1 in Ranged Weapons
   986 | D:2      | Reached skill level 1 in Dodging
   986 | D:2      | Reached skill level 1 in Shields
   986 | D:2      | Reached skill level 1 in Unarmed Combat
   986 | D:2      | Reached skill level 1 in Evocations
  1463 | D:3      | Reached skill level 1 in Shapeshifting
  1463 | D:3      | Reached XP level 4. HP: 30/34 MP: 8/8
  1888 | D:4      | Reached skill level 1 in Conjurations
  1888 | D:4      | Reached skill level 1 in Hexes
  1888 | D:4      | Reached skill level 1 in Summonings
  1888 | D:4      | Reached skill level 1 in Necromancy
  1888 | D:4      | Reached skill level 1 in Translocations
  1888 | D:4      | Reached skill level 1 in Ice Magic
  1888 | D:4      | Reached skill level 1 in Air Magic
  1888 | D:4      | Reached skill level 1 in Earth Magic
  1888 | D:4      | Reached skill level 1 in Alchemy
  2021 | D:4      | Reached XP level 5. HP: 36/40 MP: 9/9
  2504 | D:4      | Reached XP level 6. HP: 43/47 MP: 11/11
  3947 | D:5      | Entered Level 5 of the Dungeon
  3947 | D:5      | Found a runed translucent door.
  4070 | D:5      | Found a runed translucent door.
  4074 | D:5      | Noticed zenocrate's ghost (novice VSEn)
  4371 | D:3      | Reached XP level 7. HP: 47/52 MP: 12/12
  4738 | D:5      | Identified the +3 war axe "Hobyhucw" {flame, Str+3 Int+2}
  5774 | D:6      | Reached XP level 8. HP: 55/60 MP: 14/14
  5928 | D:6      | Found a burning altar of Makhleb.
  5928 | D:6      | Found a bloodstained altar of Trog.
  6023 | D:6      | Reached skill level 11 in Armour
  6870 | D:7      | Found an ornate altar of the Wu Jian Council.
  6953 | D:7      | Found a staircase to the Ecumenical Temple.
  6955 | D:7      | Noticed a yak
  6958 | D:7      | Noticed a yak
  6966 | D:7      | Noticed a yak
  6969 | D:7      | HP: 1/61 [yak (6)]
  6986 | D:7      | Found a hide-covered altar of Uskayaw.
  7026 | Temple   | Entered the Ecumenical Temple
  7029 | Temple   | HP: 3/61 [poisoned by an orc]
  7270 | Temple   | Became a worshipper of Warmaster Okawaru
  7332 | Temple   | Killed a yak
  7333 | Temple   | Reached skill level 5 in Spellcasting
  7333 | Temple   | Reached XP level 9. HP: 49/67 MP: 16/16
  7400 | D:7      | Slain by a yak

Illustrated notes

Levels and vault maps discovered:
D:1:      scummos_arrival_checkerplants, layout_rooms,
          shapermc_ecumenical_altar_starsandcircs
D:2:      layout_loops_corners, minmay_heptomino_o4
D:3:      layout_rooms, reono_crystal_passage, minmay_cut_off
D:4:      nicolae_cairo_tiling_large_dashed, layout_basic, lemuel_flame_loot_1
D:5:      layout_rooms, ebering_ghost_sewer_f, kennysheep_boxes
D:6:      layout_rooms, chequers_temple_overflow_statue_of_worship,
          chequers_avenue, nicolae_figureground_sparkle
D:7:      corexii_shack_village, layout_rooms, lemuel_tele_altar,
          nzn_wu_jian_council_hall, minmay_temple_entry_mist,
          gammafunk_ghost_grave, item_on_display_a
Temple:   minmay_temple_curvy_loop

Skill      XL: |  1  2  3  4  5  6  7  8 |
---------------+-------------------------+-----
Armour         | 11 | 11.2
Fire Magic     | 2 3 4 |  4.1
Invocations    | 1 2 3 4 |  4.5
Short Blades   | 1 2 3 4 |  4.1
Long Blades    | 1 2 3 4 |  4.1
Axes           | 1 2 3 4 |  4.1
Maces & Flails | 1 2 3 4 |  4.1
Polearms       | 1 2 3 4 |  4.1
Staves         | 1 2 3 4 |  4.1
Ranged Weapons | 1 2 3 4 |  4.1
Dodging        | 1 2 3 4 |  4.1
Shields        | 1 2 3 4 |  4.1
Unarmed Combat | 1 2 3 4 |  4.1
Evocations     | 1 2 3 4 |  4.1
Shapeshifting  | 1 2 3 |  3.7
Spellcasting   | 3 4 5 |  5.1
Conjurations   | 1 2 3 |  3.4
Hexes          | 1 2 3 |  3.4
Summonings     | 1 2 3 |  3.4
Necromancy     | 1 2 3 |  3.4
Translocations | 1 2 3 |  3.4
Ice Magic      | 1 2 3 |  3.4
Air Magic      | 1 2 3 |  3.4
Earth Magic    | 1 2 3 |  3.4
Alchemy        | 1 2 3 |  3.4
Fighting       | 3 4 |  4.9
Throwing       | 3 4 |  4.9
Stealth        | 3 4 |  4.8

Action                     |  1- 3 |  4- 6 |  7- 9 || total
---------------------------+-------+-------+-------++-------
  Melee: Club              |   170 |       |       ||   170
         Bite              |    12 |    34 |    15 ||    61
         Flail             |    31 |   133 |       ||   164
         Dagger            |       |   109 |       ||   109
         Punch             |       |     4 |     5 ||     9
         Falchion          |       |    72 |    14 ||    86
         War axe           |       |       |   155 ||   155
   Cast: Foxfire           |     1 |     6 |       ||     7
    Use: Potion            |       |     4 |     6 ||    10
         Scroll            |       |     4 |    16 ||    20
 Armour: Chain mail        |   210 |    12 |   249 ||   471
         Ring mail         |     9 |   265 |       ||   274
  Dodge: Dodged            |   112 |   206 |   139 ||   457
